 Dungeon Crawl Stone Soup version 0.22.1-5-g62c59d919a (webtiles) character file.

4204 Adamkad1 the Skirmisher (level 10, -6/104 HPs)
             Began as an Ogre Transmuter on Jan 14, 2019.
             Was a Priest of Okawaru.
             Mangled by a vampire (10 damage)
             ... on level 9 of the Dungeon.
             The game lasted 00:14:39 (7285 turns).

Adamkad1 the Skirmisher (Ogre Transmuter)           Turns: 7285, Time: 00:14:40

Health: -6/104     AC:  4    Str: 16    XL:     10   Next: 29%
Magic:  20/20      EV: 28    Int: 19    God:    Okawaru [***...]
Gold:   84         SH:  0    Dex: 22    Spells: 6/23 levels left

rFire    . . .     SeeInvis .     - Unarmed
rCold    . . .     Gourm    .   (shield currently unavailable)
rNeg     . . .     Faith    .   (armour currently unavailable)
rPois    x         Spirit   .   (helmet currently unavailable)
rElec    +         Reflect  .   (cloak currently unavailable)
rCorr    .         Harm     .   (gloves unavailable)
MR       +....                  (boots unavailable)
Stlth    +++.......             h - amulet of regeneration
HPRegen  0.67/turn              e - +5 ring of intelligence
MPRegen  0.17/turn              G - ring "Liozya" {rElec AC+2}

@: agile, spider-form (expiring), berserk cooldown, slowed, drained, very slow
A: tiny, unfitting armour
a: End Transformation, Heroism, Renounce Religion


You were on level 9 of the Dungeon.
You worshipped Okawaru.
Okawaru was most pleased with you.
You were not hungry.
You were a venomous arachnid creature.
You visited 2 branches of the dungeon, and saw 10 of its levels.
You also visited: Sewer.

You collected 525 gold pieces.
You spent 441 gold pieces at shops.

Inventory:

Missiles
 a - 113 arrows
 i - 204 stones (quivered)
 s - 2 tomahawks
 v - 2 javelins
 D - 2 silver javelins
Armour
 f - a +2 cloak (melded)
 A - a +0 troll leather armour (melded) {Purgy}
Jewellery
 e - a +5 ring of intelligence (left front leg)
 h - an amulet of regeneration (around neck)
 l - a +1 ring of protection
 F - an uncursed amulet of rage
 G - the ring "Liozya" (right front leg) {rElec AC+2}
   (You bought it in a shop on level 9 of the Dungeon)

   [ring of protection]

   It affects your AC (+2).
   It insulates you from electricity.
 H - a +2 amulet of reflection
 I - a +1 ring of slaying {unknown}
Wands
 B - a wand of acid (5)
Scrolls
 c - 2 scrolls of remove curse
 j - 2 scrolls of amnesia {unknown}
 m - 2 scrolls of immolation {unknown}
 n - 6 scrolls of teleportation
 p - 5 scrolls of identify
 r - a scroll of fog {unknown}
 u - a scroll of magic mapping {unknown}
 y - 2 scrolls of enchant armour {unknown}
Potions
 k - a potion of invisibility {unknown}
 o - a potion of berserk rage
 q - 4 potions of curing {unknown}
 t - a potion of haste {unknown}
 w - a potion of degeneration {unknown}
 x - 2 potions of agility
 z - 2 potions of heal wounds {unknown}
 C - a potion of cancellation {unknown}
Comestibles
 d - 22 rations
 E - a chunk of flesh


   Skills:
 * Level 7.9(7.8) Fighting
 * Level 6.0 Throwing
 + Level 2.0 Armour
 + Level 4.2 Dodging
 * Level 6.3 Unarmed Combat
 * Level 7.1 Spellcasting
 * Level 5.8 Transmutations


You had 6 spell levels left.
You knew the following spells:

 Your Spells              Type           Power        Failure   Level  Hunger
a - Beastly Appendage     Tmut           ####..       4%          1    None
b - Sticks to Snakes      Tmut           ####....     6%          2    None
c - Spider Form           Tmut/Pois      ###.......   22%         3    #......
d - Ice Form              Ice/Tmut       ###.....     52%         4    ###....
e - Blade Hands           Tmut           ####......   47%         5    #####..
f - Confusing Touch       Hex            #.....       24%         1    None
g - Apportation           Tloc           #.....       24%         1    None

Your spell library contained the following spells:

 Spells                   Type           Power        Failure   Level  Hunger
 Animate Skeleton         Necr           N/A          24%         1    None
 Summon Small Mammal      Summ           #...         24%         1    None


Dungeon Overview and Level Annotations

Branches:
Dungeon (9/15)             Temple (1/1) D:4
   Lair: D:8-11         Orc: D:9-12

Altars:
Ashenzari
Dithmenos
Elyvilon
Fedhas
Gozag
Hepliaklqana
Kikubaaqudgha
Makhleb
Okawaru
Qazlal
Sif Muna
Trog
Uskayaw
Vehumet
Wu Jian
Xom
Yredelemnul
Zin
The Shining One

Shops:
D:9 =

Annotations:
D:7 4 transporters, Forgol's ghost, novice DDFi


Innate Abilities, Weirdness & Mutations

You are too large for most types of armour.
((You have tough skin. (AC +1)))


Message History

You feel yourself moving faster!
You feel mighty!
You feel less invigorated.
The crimson imp blinks!
Something hits you.
* * * LOW HITPOINT WARNING * * *
Something closely misses you.
Unknown command.
You feel a strong urge to attack something.
Unknown command.
You're too confused to attack without stumbling around!
You're too confused to move!
You feel less confused.
You hit something but do no damage. Something hits you!
* * * LOW HITPOINT WARNING * * *
Something closely misses you.
Your magical contamination has completely faded away.
You completely miss something. You miss something.
You are no longer berserk.
You are exhausted.
You feel yourself slow down. Something closely misses you. Something bites you!
You die...

#........##...##.
#.#%....####.... #..
#%........5...# #.#
#.#.###..###.#####.###
#?#.# #.....).........
#.#.# ##.##..#####.##.
#.#.####.##).#####.##.
#.5.......)...........
#....s.#...#..........
##...{.....##########.
#.<..........###.....
#......$.......(.....
###..........###.####
#..##......# #.#
#........#(# #.#
#.###....#.###.####
#.##..!............


You could see a crimson imp.

Vanquished Creatures
  Erica (D:8)
  A hippogriff (D:8)
  Sigmund (D:3)
  A wyvern (D:8)
  Eustachio (D:4)
  Purgy (Sewer)
  An ice beast (D:6)
  2 orc warriors
  A black bear (D:7)
  6 ogres
  A necrophage (D:9)
  2 phantoms
  A centaur (D:6)
  5 bullfrogs
  A wyvern zombie (D:8)
  A wyvern skeleton (D:6)
  3 scorpions
  4 wights (D:8)
  4 crimson imps
  2 orc priests (D:5)
  2 hounds
  3 jellies
  5 orc wizards
  A bullfrog skeleton (D:9)
  Terence (D:3)
  An iguana (D:8)
  2 worker ants
  2 hound skeletons (D:4)
  11 adders
  2 oozes (D:4)
  An adder skeleton (D:5)
  4 worms
  2 dart slugs
  9 leopard geckos
  29 orcs
  5 ball pythons
  5 giant cockroaches
  7 hobgoblins
  11 jackals
  10 kobolds
  3 quokkas
  7 bats
  5 frilled lizards
  7 goblins
  A quokka skeleton (D:6)
  2 quokka zombies
  11 rats
189 creatures vanquished.

Notes
Turn   | Place    | Note
-------+----------+-------------------------------------------
     0 | D:1      | Adamkad1 the Ogre Transmuter began the quest for the Orb.
     0 | D:1      | Reached XP level 1. HP: 19/19 MP: 3/3
   156 | D:1      | Reached XP level 2. HP: 27/27 MP: 2/5
   361 | D:1      | Reached XP level 3. HP: 21/35 MP: 4/6
   364 | D:1      | Reached skill level 1 in Throwing
   532 | D:1      | Learned a level 2 spell: Sticks to Snakes
   536 | D:1      | Learned a level 3 spell: Spider Form
  1151 | D:2      | Reached XP level 4. HP: 19/42 MP: 8/8
  1932 | D:3      | Noticed Terence
  1943 | D:3      | Killed Terence
  1943 | D:3      | Reached XP level 5. HP: 47/50 MP: 6/9
  2130 | D:3      | Noticed Sigmund
  2164 | D:3      | Killed Sigmund
  2164 | D:3      | Reached XP level 6. HP: 37/61 MP: 5/11
  2563 | D:3      | Found a stormy altar of Qazlal.
  2939 | D:4      | Learned a level 4 spell: Ice Form
  3090 | D:4      | Reached XP level 7. HP: 67/67 MP: 8/12
  3247 | D:4      | Noticed Eustachio
  3276 | D:4      | Killed Eustachio
  3462 | D:4      | Found a staircase to the Ecumenical Temple.
  3512 | Temple   | Entered the Ecumenical Temple
  3533 | Temple   | Became a worshipper of Warmaster Okawaru
  3689 | D:5      | Entered Level 5 of the Dungeon
  3805 | D:5      | Found a glowing drain.
  3834 | D:5      | Learned a level 5 spell: Blade Hands
  3841 | Sewer    | Entered a sewer
  3907 | Sewer    | Noticed Purgy
  3925 | Sewer    | Killed Purgy
  4116 | D:5      | Reached XP level 8. HP: 58/79 MP: 13/15
  4412 | D:5      | Reached skill level 5 in Fighting
  4540 | D:6      | Found a shadowy altar of Dithmenos.
  4649 | D:6      | Reached skill level 5 in Spellcasting
  4692 | D:6      | Reached * piety under Okawaru
  4985 | D:6      | Reached skill level 5 in Unarmed Combat
  5018 | D:6      | Found a shattered altar of Ashenzari.
  5367 | D:6      | Reached XP level 9. HP: 89/89 MP: 13/17
  5565 | D:7      | Noticed Forgol's ghost (novice DDFi)
  5581 | D:7      | Found a transporter.
  5602 | D:7      | Found a transporter.
  5625 | D:7      | Reached ** piety under Okawaru
  5658 | D:7      | Found a transporter.
  5898 | D:7      | Found a transporter.
  5967 | D:7      | Reached skill level 5 in Throwing
  5970 | D:7      | Reached skill level 1 in Armour
  6134 | D:8      | Noticed Erica
  6147 | D:8      | Killed Erica
  6147 | D:8      | Reached skill level 5 in Transmutations
  6368 | D:7      | Got a steaming whip
  6369 | D:7      | Identified the +8 whip of Qulauvuq {freeze, MR- MP+9 Str+7
                  | Dex-3} (You found it on level 7 of the Dungeon)
  6647 | D:8      | Reached XP level 10. HP: 102/102 MP: 12/20
  7069 | D:8      | Learned a level 1 spell: Confusing Touch
  7071 | D:8      | Learned a level 1 spell: Apportation
  7072 | D:9      | Found Nuacimab's Jewellery Shop.
  7081 | D:9      | Reached *** piety under Okawaru
  7101 | D:9      | Bought the ring "Liozya" {rElec AC+2} for 336 gold pieces
  7101 | D:9      | Bought a +2 amulet of reflection for 105 gold pieces
  7283 | D:9      | HP: 5/156 [something (10)]
  7285 | D:9      | Mangled by a vampire

Skill      XL: |  1  2  3  4  5  6  7  8  9 10 |
---------------+-------------------------------+-----
Transmutations | 2 3 4 5 |  5.8
Throwing       | 1 2 3 4 5 6 |  6.0
Unarmed Combat | 3 4 5 6 |  6.3
Fighting       | 2 3 4 6 7 |  7.9
Dodging        | 2 3 4 |  4.2
Spellcasting   | 3 4 5 6 7 |  7.1
Armour         | 1 2 |  2.0

Action                   |  1- 3 |  4- 6 |  7- 9 | 10-12 || total
-------------------------+-------+-------+-------+-------++-------
Melee: Unarmed           |   132 |   163 |   352 |    85 ||   732
       Kick              |    11 |       |       |       ||    11
       Punch             |     1 |     1 |       |       ||     2
       Headbutt          |     2 |       |       |       ||     2
 Cast: Beastly Appendage |    14 |     3 |       |       ||    17
       Spider Form       |       |    18 |    44 |    10 ||    72
       Sticks to Snakes  |       |       |     3 |       ||     3
Invok: Heroism           |       |       |     1 |     3 ||     4
  Use: Scroll            |       |       |       |     5 ||     5
       Potion            |       |       |       |     5 ||     5
 Stab: Sleeping          |     1 |       |       |       ||     1
  Eat: Chunk             |     1 |     8 |    11 |     3 ||    23
       Ration            |       |       |     1 |       ||     1
Armor: Robe              |    54 |    17 |    16 |       ||    87
       Skin              |       |     3 |    13 |    10 ||    26
       Troll leather arm |       |       |    15 |       ||    15
Dodge: Dodged            |    77 |    96 |   313 |    88 ||   574
